 Dungeon Crawl Stone Soup version 0.23.2-40-g277498a001 (webtiles) character file.

Game seed: 10256925298716635332

2453 Exodus22XD the Thaumaturge (level 9, -5/45 HPs)
             Began as a Deep Elf Wizard on Sept 19, 2019.
             Was a Believer of Vehumet.
             Splashed by Erica's acid (10 damage)
             ... on level 8 of the Dungeon.
             The game lasted 00:36:22 (7712 turns).

Exodus22XD the Thaumaturge (Deep Elf Wizard)        Turns: 7712, Time: 00:36:22

Health: -5/45      AC:  4    Str:  4    XL:     9   Next: 25%
Magic:  11/25      EV: 13    Int: 27    God:    Vehumet [**....]
Gold:   459        SH:  0    Dex: 13    Spells: 17/28 levels left

rFire    . . .     SeeInvis .   t - +4 quarterstaff (chaos)
rCold    . . .     Gourm    .   (shield currently unavailable)
rNeg     . . .     Faith    .   a - +0 robe
rPois    .         Spirit   .   y - +2 hat
rElec    .         Reflect  .   u - +1 cloak
rCorr    .         Harm     .   E - +0 pair of gloves
MR       .....                  q - +0 pair of boots
Stlth    ++........             k - amulet of inaccuracy (curse)
HPRegen  0.15/turn              n - ring of flight
MPRegen  0.19/turn              (no ring)

@: corroded
A: no striking features
a: Renounce Religion, Evoke Flight


You were on level 8 of the Dungeon.
You worshipped Vehumet.
Vehumet was pleased with you.
You were not hungry.

You visited 2 branches of the dungeon, and saw 10 of its levels.

You collected 459 gold pieces.

Inventory:

Hand Weapons
 j - a +3 short sword
 t - a +4 quarterstaff of chaos (weapon)
Armour
 a - a +0 robe (worn)
 q - a +0 pair of boots (worn)
 u - a +1 cloak (worn)
 y - a +2 hat (worn)
 E - a +0 pair of gloves (worn)
 H - a +1 hat
Jewellery
 k - a cursed amulet of inaccuracy (around neck)
 n - a ring of flight (left hand)
Wands
 o - a wand of flame (14)
 C - a wand of digging (6)
 F - a wand of polymorph (4)
Scrolls
 b - 2 scrolls of amnesia {unknown}
 c - 3 scrolls of enchant armour {unknown}
 e - 4 scrolls of fog
 i - 2 scrolls of noise
 l - 2 scrolls of fear {unknown}
 p - 2 scrolls of teleportation
 r - 2 scrolls of identify {unknown}
 x - 2 scrolls of remove curse {unknown}
 A - a scroll of magic mapping {unknown}
 B - a scroll of blinking {unknown}
Potions
 f - 2 potions of heal wounds {unknown}
 g - a potion of magic {unknown}
 h - 3 potions of haste {unknown}
 m - 4 potions of curing {unknown}
 s - 3 potions of flight {unknown}
 v - a potion of might {unknown}
 w - a potion of cancellation {unknown}
 z - a potion of mutation {unknown}
 D - 2 potions of degeneration {unknown}
Comestibles
 d - 10 rations
 G - 3 chunks of flesh


   Skills:
 - Level 0.2 Staves
 - Level 2.4 Dodging
 - Level 2.4 Stealth
 - Level 10.0 Spellcasting
 - Level 8.2 Conjurations
 * Level 5.0 Summonings
 - Level 1.1 Translocations
 - Level 6.0 Fire Magic


You had 17 spell levels left.
You knew the following spells:

 Your Spells              Type           Power        Failure   Level  Hunger
a - Magic Dart            Conj           ####         1%          1    None
b - Call Imp              Summ           #####...     1%          2    None
c - Blink                 Tloc           N/A          4%          2    None
d - Conjure Flame         Conj/Fire      ######..     1%          3    None
e - Mephitic Cloud        Conj/Pois/Air  ####....     4%          3    None

Your spell library contained the following spells:

 Spells                   Type           Power        Failure   Level  Hunger
 Throw Flame              Conj/Fire      ######       1%          2    None
 Summon Small Mammal      Summ           ####         1%          1    None
 Call Canine Familiar     Summ           #####...     1%          3    None
 Apportation              Tloc           ###...       2%          1    None
 Dazzling Spray           Conj/Hex       #####.       2%          3    None
 Animate Skeleton         Necr           N/A          4%          1    None
 Confusing Touch          Hex            ##....       4%          1    None
 Corona                   Hex            ##.....      4%          1    None
 Summon Guardian Golem    Hex/Summ       ####....     4%          3    None
 Ensorcelled Hibernation  Hex/Ice        ##....       6%          2    None
 Slow                     Hex            ##......     6%          2    None
 Confuse                  Hex            ##......     13%         3    None
 Tukima's Dance           Hex            ##......     13%         3    None
 Summon Ice Beast         Ice/Summ       ####....     16%         4    None
 Summon Lightning Spire   Summ/Air       ####....     16%         4    None


Dungeon Overview and Level Annotations

Branches:
Dungeon (9/15)             Temple (1/1) D:4
   Lair: D:8-11         Orc: D:9-12

Altars:
Ashenzari
Cheibriados
Dithmenos
Elyvilon
Fedhas
Hepliaklqana
Kikubaaqudgha
Nemelex Xobeh
Okawaru
Qazlal
Ru
Sif Muna
Trog
Vehumet
Wu Jian
Xom
Yredelemnul
The Shining One

Annotations:
D:8 Erica


Message History

Press: ? - help, Shift-Dir - straight line, f/p - hippogriff
Aim: a hippogriff (flame, heavily wounded)
The puff of flame misses the hippogriff.
Erica seems less confused.
The hippogriff is engulfed in blazing flames.
The hippogriff closely misses you. The hippogriff misses you.
The hippogriff closely misses you.
Erica is engulfed in blazing flames.
Erica hits you with a +3 scimitar of flaming.
Erica burns you.
Casting: Conjure Flame (safe; 1% risk of failure)
Confirm with . or Enter, or press ? or * to list all spells.
You blink.
Vehumet accepts your kill.
You feel your power returning.
Your Summonings skill increases to level 5!
You feel a bit more experienced.
Erica is engulfed in blazing flames.
Erica zaps a wand.
The bolt of acid hits you!
* * * LOW HITPOINT WARNING * * *
The acid corrodes you!
You are splashed with acid!
You die...

........ ....##....##.#
..#.#.#. ##
............S...#.#
.........
.###..................
..#.#.#..
..##.............#....
........##
................##....
...<#.....#. ...........
....... ............
#..!....... .......
.....#.#.#.# #.........#
.......
..#......H.####.@.......#
.......
.....#.#.#§@§............
.......
.........§.#......###....
.......
.....#.#.#.#...J..###....
.......
#.<........#...)....#..
.......
#.%(:.....##..)∩).#..#
......>
#..........#...).....#
.......
#....................#
......#
#............#.......##
.....#


You could see Erica and a jelly.

Vanquished Creatures
  2 hippogriffs
  Sigmund (D:5)
  2 ice beasts
  A sky beast (D:7)
  3 ogres
  A centaur (D:7)
  3 bullfrogs (D:6)
  A scorpion (D:6)
  5 wights
  3 electric eels (D:6)
  A crimson imp (D:6)
  A centaur zombie (D:5)
  A bullfrog skeleton (D:4)
  2 orc wizards
  Crazy Yiuf (D:2)
  A hound (D:4)
  Ijyb (D:4)
  5 iguanas
  6 worker ants
  A hound skeleton (D:6)
  3 gnolls (D:6)
  6 adders
  2 shadow imps
  An ooze (D:8)
  2 adder zombies
  A worm (D:5)
  12 dart slugs
  4 leopard geckos
  12 orcs
  8 bats
  14 goblins
  7 hobgoblins
  6 jackals
  8 kobolds
  4 quokkas
  2 ball pythons
  A ball python skeleton (D:4)
  6 frilled lizards
  2 giant cockroach zombies
  A jackal skeleton (D:4)
  A jackal zombie (D:6)
  2 leopard gecko skeletons (D:4)
  A quokka skeleton (D:4)
  10 rats
158 creatures vanquished.

Vanquished Creatures (collateral kills)
  A centaur (D:6)
  4 orcs (D:7)
5 creatures vanquished.

Grand Total: 163 creatures vanquished

Notes
Turn   | Place    | Note
-------+----------+-------------------------------------------
     0 | D:1      | Exodus22XD the Deep Elf Wizard began the quest for the Orb.
     0 | D:1      | Reached XP level 1. HP: 10/10 MP: 7/7
   351 | D:1      | Reached XP level 2. HP: 15/15 MP: 0/9
   944 | D:2      | Reached XP level 3. HP: 19/19 MP: 6/10
  1278 | D:2      | Found a runed translucent door.
  1279 | D:2      | Noticed Crazy Yiuf
  1672 | D:3      | You fall through a shaft!
  1703 | D:4      | Noticed Ijyb
  1747 | D:3      | Reached XP level 4. HP: 22/24 MP: 10/12
  1754 | D:3      | Learned a level 2 spell: Call Imp
  1757 | D:3      | Learned a level 2 spell: Blink
  1761 | D:3      | Learned a level 3 spell: Conjure Flame
  1765 | D:3      | Learned a level 3 spell: Mephitic Cloud
  2083 | D:3      | Found a sacrificial altar of Ru.
  2566 | D:4      | Found a staircase to the Ecumenical Temple.
  2570 | D:4      | Reached XP level 5. HP: 18/28 MP: 0/13
  2768 | Temple   | Entered the Ecumenical Temple
  2821 | Temple   | Became a worshipper of Vehumet
  2886 | D:4      | Reached skill level 1 in Fire Magic
  3334 | D:2      | Killed Crazy Yiuf
  3615 | D:4      | Killed Ijyb
  3615 | D:4      | Reached XP level 6. HP: 19/32 MP: 1/14
  4009 | D:5      | Entered Level 5 of the Dungeon
  4152 | D:5      | Noticed Sigmund
  4253 | D:5      | Noticed an ice beast
  4264 | D:5      | Killed an ice beast
  4401 | D:5      | Noticed a hippogriff
  4407 | D:5      | Killed a hippogriff
  4407 | D:5      | Reached XP level 7. HP: 21/36 MP: 6/15
  4657 | D:5      | Killed Sigmund
  4657 | D:5      | Reached skill level 6 in Spellcasting
  4815 | D:6      | Reached skill level 7 in Spellcasting
  4958 | D:6      | Reached XP level 8. HP: 41/41 MP: 1/21
  5112 | D:6      | Reached skill level 5 in Conjurations
  5395 | D:6      | Reached * piety under Vehumet
  5395 | D:6      | Offered knowledge of Sting by Vehumet.
  5460 | D:6      | Reached skill level 8 in Spellcasting
  5627 | D:6      | Reached skill level 9 in Spellcasting
  5954 | D:6      | Reached skill level 10 in Spellcasting
  6173 | D:6      | Offered knowledge of Throw Flame by Vehumet.
  6186 | D:6      | Reached ** piety under Vehumet
  6697 | D:7      | Reached XP level 9. HP: 45/45 MP: 3/25
  6840 | D:7      | You fall through a shaft for 2 floors!
  6856 | D:8      | Noticed Erica
  7184 | D:7      | Found a sparkling altar of Nemelex Xobeh.
  7637 | D:8      | Found a deep blue altar of Sif Muna.
  7712 | D:8      | Reached skill level 5 in Summonings
  7712 | D:8      | Splashed by Erica's acid

Skill      XL: |  1  2  3  4  5  6  7  8  9 |
---------------+----------------------------+-----
Conjurations   | 2 3 4 7 8 |  8.2
Summonings     | 3 4 5 |  5.0
Fire Magic     | 2 6 |  6.0
Spellcasting   | 7 10 | 10.0
Staves         | |  0.2
Dodging        | |  2.4
Stealth        | |  2.4
Translocations | |  1.1

Action                   |  1- 3 |  4- 6 |  7- 9 || total
-------------------------+-------+-------+-------++-------
Melee: Unarmed           |     6 |       |       ||     6
       Short sword       |     3 |     5 |       ||     8
       Quarterstaff      |       |     2 |     3 ||     5
 Cast: Magic Dart        |    88 |   132 |   258 ||   478
       Conjure Flame     |       |     6 |    19 ||    25
       Mephitic Cloud    |       |     2 |    17 ||    19
       Call Imp          |       |     1 |     8 ||     9
       Blink             |       |       |     3 ||     3
Evoke: Wand              |       |       |    36 ||    36
  Use: Scroll            |     1 |       |     2 ||     3
       Potion            |       |       |     1 ||     1
  Eat: Chunk             |     2 |     9 |    10 ||    21
Armor: Robe              |     3 |     3 |    16 ||    22
Dodge: Dodged            |    19 |    23 |    44 ||    86
